 Dungeon Crawl Stone Soup version 0.28.0-43-g3370ac3207 (webtiles) character file.

Game seed: 6694033334696862314

198 fknight the Chopper (level 5, -2/47 HPs)
             Began as a Hill Orc Monk on Mar 2, 2022.
             Slain by Grinder (4 damage)
             ... on level 3 of the Dungeon.
             The game lasted 00:14:22 (4800 turns).

fknight the Chopper (Hill Orc Monk)                 Turns: 4800, Time: 00:14:25

Health: -2/47      AC: 10    Str: 16    XL:     5   Next: 77%
Magic:  5/5        EV: 11    Int: 10    God:
Gold:   9          SH:  4    Dex: 13    Spells: 4/4 levels left

rFire   . . .      SeeInvis .   i - +0 war axe
rCold   + . .      Faith    .   o - +1 buckler
rNeg    . . .      Spirit   .   c - +5 ring mail {rC+}
rPois   .          Reflect  .   (no helmet)
rElec   .          Harm     .   (no cloak)
rCorr   .          Rampage  .   (no gloves)
Will    .....                   (no boots)
Stlth   ++........              (no amulet)
HPRegen 0.15/turn               (no ring)
MPRegen 0.09/turn               (no ring)

@: no status effects
A: no striking features
a: no special abilities


You were on level 3 of the Dungeon.
You visited 1 branch of the dungeon, and saw 3 of its levels.

You collected 61 gold pieces.
You spent 52 gold pieces at shops.

Inventory:

Hand Weapons
 a - a +0 hand axe
 i - a +0 war axe (weapon)
 j - a +1 dagger of venom
 l - a +1 short sword of speed
Missiles
 k - 46 stones
 n - 30 sling bullets
 p - 4 poisoned darts (quivered)
Armour
 c - a +5 ring mail of cold resistance (worn)
 o - a +1 buckler (worn)
Magical Staves
 m - a staff of air
Wands
 d - a wand of flame (7)


   Skills:
 + Level 4.9 Fighting
 + Level 5.4 Axes
 + Level 3.2 Dodging
 + Level 2.9 Stealth


You had 4 spell levels left.
You didn't know any spells.
Your spell library contained the following spells:

 Spells                   Type           Power      Damage    Failure   Level
 Shock                    Conj/Air       0%         1d3       71%         1
 Swiftness                Air            0%         N/A       97%         3
 Airstrike                Air            0%         N/A       100%        4


Dungeon Overview and Level Annotations

Branches:
Dungeon (3/15)

Altars:
Ashenzari
Xom

Shops:
D:3 ?

Annotations:
D:3 Grinder


Message History

Pain shoots through your body! Grinder hits you but does no damage.
Items here: )) †††.
You closely miss Grinder.
Grinder is moderately wounded.
Grinder gestures at you. You resist with significant effort.
You slash Grinder!
Grinder is heavily wounded.
Grinder hits you but does no damage. x2
You hit Grinder.
Grinder is heavily wounded.
Grinder gestures at you.
You suddenly lose the ability to move!
Grinder hits you but does no damage. Grinder gestures at you.
Pain shoots through your body!
* * * LOW HITPOINT WARNING * * *
Grinder hits you but does no damage. x2
You can move again.
You barely miss Grinder.
Grinder is heavily wounded.
Grinder closely misses you.
You closely miss Grinder.
Grinder is heavily wounded.
Grinder gestures at you. Pain shoots through your body!
* * * LOW HITPOINT WARNING * * *
You barely miss Grinder.
Grinder is heavily wounded.
Grinder gestures at you. Pain shoots through your body!
* * * LOW HITPOINT WARNING * * *
You closely miss Grinder.
Grinder is heavily wounded.
Grinder gestures at you.
You barely resist.
Grinder says, "There's only one good use for a tongue: cutting it out."
Grinder hits you.
You die...

######## #..(5@)#
# #....##.# #
#... #)# # #..
#.# # #. #.# ##
..
#.##############.
.
#................
############.###.
#.....


You could see Grinder.

Vanquished Creatures
  Jessica (D:3)
  An orc wizard (D:3)
  Robin (D:3)
  3 adders
  2 dart slugs (D:1)
  7 orcs (D:3)
  4 ball pythons
  8 bats
  6 endoplasms
  3 giant cockroaches
  13 goblins
  7 hobgoblins
  8 jackals (D:1)
  8 quokkas
  4 frilled lizards
  10 kobolds
  5 rats
91 creatures vanquished.

Vanquished Creatures (others)
  10 plants (D:1)
10 creatures vanquished.

Grand Total: 101 creatures vanquished

Notes
Turn   | Place    | Note
-------+----------+-------------------------------------------
     0 | D:1      | fknight the Hill Orc Monk began the quest for the Orb.
     0 | D:1      | Reached XP level 1. HP: 19/19 MP: 1/1
   221 | D:1      | Reached XP level 2. HP: 15/27 MP: 2/2
   668 | D:1      | Reached XP level 3. HP: 25/33 MP: 3/3
  1618 | D:1      | Found a faded altar of an unknown god.
  2061 | D:2      | Reached XP level 4. HP: 14/40 MP: 4/4
  2644 | D:2      | Found a shimmering altar of Xom.
  3259 | D:3      | Found Vuuh's Magic Scroll Boutique.
  3337 | D:3      | Found a broken altar of Ashenzari.
  3365 | D:3      | Noticed Jessica
  3381 | D:3      | Killed Jessica
  3382 | D:3      | Reached skill level 5 in Axes
  3444 | D:3      | Reached XP level 5. HP: 27/47 MP: 5/5
  3796 | D:3      | HP: 2/47 [kobold/staff of air (2)]
  4244 | D:3      | Noticed Grinder
  4267 | D:3      | Paralysed by Grinder for 4 turns
  4674 | D:3      | Bought a scroll of identify for 26 gold pieces
  4674 | D:3      | Bought a scroll of identify for 26 gold pieces
  4749 | D:3      | Noticed Robin
  4767 | D:3      | Killed Robin
  4778 | D:3      | Paralysed by Grinder for 7 turns
  4792 | D:3      | Paralysed by Grinder for 5 turns
  4799 | D:3      | HP: 2/47 [Grinder/nerve-wracking pain (10)]
  4800 | D:3      | Slain by Grinder

Illustrated notes

Levels and vault maps discovered:
D:1:      dpeg_arrival_lava_altar, layout_basic,
          dreamdust_ecumenical_altar_hidden_monk_grotto, serial_bayou,
          serial_bayou_pond_d, serial_bayou_lagoon_a, serial_bayou_lake_a,
          serial_bayou_shore_a
D:2:      layout_rooms, basic_altar
D:3:      layout_loops_ring, cheibrodos_ashenzari_chains, serial_shops, shop,
          hangedman_decor_diamond_cutter, uniq_grinder, uniq_robin, uniq_jessica

Skill      XL: |  1  2  3  4 |
---------------+-------------+-----
Stealth        | 2 |  2.9
Fighting       | 4 |  4.9
Axes           | 5 |  5.4
Dodging        | 3 |  3.2

Action                   |  1- 3 |  4- 6 || total
-------------------------+-------+-------++-------
Melee: Hand axe          |   153 |   149 ||   302
       Punch             |     3 |       ||     3
       War axe           |       |    35 ||    35
Throw: Stone             |     9 |    15 ||    24
       Dart              |       |     3 ||     3
Evoke: Wand              |       |     3 ||     3
  Use: Scroll            |       |    12 ||    12
       Potion            |       |     1 ||     1
 Stab: Sleeping          |     3 |     1 ||     4
Armor: Robe              |    25 |     5 ||    30
       Ring mail         |       |    53 ||    53
Dodge: Dodged            |   114 |    75 ||   189
Block: Buckler           |       |    23 ||    23
